 Dungeon Crawl Stone Soup version 0.28.0-53-g5a82cb258f (webtiles) character file.

Game seed: 3892937588570719232

151 Sin92 the Shield-Bearer (level 5, 0/47 HPs)
             Began as a Minotaur Fighter on June 8, 2022.
             Slain by a water moccasin skeleton (6 damage)
             ... on level 3 of the Dungeon.
             The game lasted 00:01:20 (1461 turns).

Sin92 the Shield-Bearer (Minotaur Fighter)          Turns: 1461, Time: 00:01:20

Health: 0/47       AC:  7    Str: 23    XL:     5   Next: 11%
Magic:  4/4        EV: 10    Int:  5    God:
Gold:   112        SH:  4    Dex:  9    Spells: 4/4 levels left

rFire   . . .      SeeInvis .   g - +1 hand axe (venom)
rCold   . . .      Faith    .   c - +0 buckler
rNeg    . . .      Spirit   .   b - +0 scale mail
rPois   .          Reflect  .   (helmet restricted)
rElec   .          Harm     .   (no cloak)
rCorr   .          Rampage  .   (no gloves)
Will    .....                   (no boots)
Stlth   ..........              (no amulet)
HPRegen 0.15/turn               (no ring)
MPRegen 0.09/turn               (no ring)

@: no status effects
A: horns 2, retaliatory headbutt
a: no special abilities


You were on level 3 of the Dungeon.
You visited 1 branch of the dungeon, and saw 3 of its levels.

You collected 112 gold pieces.

Inventory:

Hand Weapons
 a - a +0 war axe
 g - a +1 hand axe of venom (weapon)
Armour
 b - a +0 scale mail (worn)
 c - a +0 buckler (worn)
Jewellery
 l - an amulet of magic regeneration
Scrolls
 e - a scroll of identify {unknown}
 f - a scroll of magic mapping {unknown}
 i - a scroll of enchant armour {unknown}
 j - 2 scrolls of teleportation {unknown}
 k - a scroll of silence {unknown}
 n - a scroll of brand weapon {unknown}
 o - a scroll of blinking {unknown}
 p - a scroll of summoning {unknown}
Potions
 d - a potion of might
 h - a potion of mutation {unknown}
 m - a potion of degeneration {unknown}


   Skills:
 + Level 4.4 Fighting
 + Level 3.5 Axes
 + Level 4.5 Armour
 + Level 2.1 Dodging
 + Level 4.5 Shields


You had 4 spell levels left.
You didn't know any spells.
Your spell library contained the following spells:

 Spells                   Type           Power      Damage    Failure   Level
 Slow                     Hex            0%         N/A       86%         1
 Confusing Touch          Hex            0%         N/A       99%         3
 Vampiric Draining        Necr           0%         2d6       99%         3


Dungeon Overview and Level Annotations

Branches:
Dungeon (3/15)

Altars:
Gozag


Innate Abilities, Weirdness & Mutations

You have a pair of horns on your head.
You reflexively headbutt those who attack you in melee.


Message History

You are too injured to fight recklessly!
You are too injured to fight recklessly!
Unknown command.
There are monsters nearby!
You are too injured to fight recklessly!
You barely miss the adder. You slash the water moccasin skeleton!
You block the adder's attack.
The water moccasin skeleton barely misses you.
The gnoll closely misses you. The adder bites you.
You completely miss the adder. You headbutt the adder!
You kill the adder!
You barely miss the water moccasin skeleton.
The water moccasin skeleton bites you but does no damage.
The gnoll hits you from afar with a +0 spear.
The water moccasin skeleton bites you.
* * * LOW HITPOINT WARNING * * *
You have reached level 5!
The gnoll hits you but does no damage.
The water moccasin skeleton barely misses you.
You furiously retaliate!
You headbutt the water moccasin skeleton!
Items here: ( )) †††.
You hit the gnoll. You headbutt the gnoll!
You kill the gnoll!
You slash the water moccasin skeleton! The water moccasin skeleton bites you.
* * * LOW HITPOINT WARNING * * *
The water moccasin skeleton barely misses you.
You see here a +0 spear.
You block the water moccasin skeleton's attack.
A ball python comes into view.
The ball python hisses angrily.
You hit the water moccasin skeleton.
The water moccasin skeleton is severely damaged.
The water moccasin skeleton bites you but does no damage.
You hit the water moccasin skeleton.
The water moccasin skeleton is almost destroyed.
The water moccasin skeleton bites you.
* * * LOW HITPOINT WARNING * * *
The water moccasin skeleton bites you.
You die...

.............≈.#
...........<...#
.......<....._.#
...............###
..######.....≈....
#..........
#))....(...
#.)Z.......
#..@.......
#.>........
#..........
............
.S...........
...............
...............
...............


You could see a ball python and a water moccasin skeleton.

Vanquished Creatures
  Robin (D:2)
  4 adders
  4 gnolls (D:3)
  2 dart slugs
  3 ball pythons
  8 endoplasms
  A giant cockroach (D:2)
  14 goblins
  3 hobgoblins
  4 jackals (D:2)
  3 bats
  10 frilled lizards
  2 kobolds
  7 rats
66 creatures vanquished.

Vanquished Creatures (others)
  2 plants (D:2)
2 creatures vanquished.

Grand Total: 68 creatures vanquished

Notes
Turn   | Place    | Note
-------+----------+-------------------------------------------
     0 | D:1      | Sin92 the Minotaur Fighter began the quest for the Orb.
     0 | D:1      | Reached XP level 1. HP: 19/19 MP: 0/0
   283 | D:1      | Found a faded altar of an unknown god.
   396 | D:1      | Reached XP level 2. HP: 27/27 MP: 1/1
   743 | D:2      | Reached skill level 1 in Dodging
   757 | D:2      | Reached XP level 3. HP: 26/33 MP: 2/2
   883 | D:2      | Noticed Robin
   891 | D:2      | Killed Robin
   892 | D:2      | Reached XP level 4. HP: 36/40 MP: 3/3
  1443 | D:3      | Found an opulent altar of Gozag.
  1456 | D:3      | Reached XP level 5. HP: 13/47 MP: 4/4
  1461 | D:3      | Slain by a water moccasin skeleton

Illustrated notes

Levels and vault maps discovered:
D:1:      dpeg_arrival_tiny_a, layout_loops_ring,
          hellmonk_ecumenical_altar_lost_god, corner_web_ring,
          grunt_decor_arrowhead
D:2:      layout_rooms, minivault_4, minmay_lizard_king, uniq_robin
D:3:      layout_basic, mainiacjoe_overflow_tiny_flanked,
          nemelex_spade_bored_becter, gammafunk_ghost_grave

Skill      XL: |  1  2  3  4 |
---------------+-------------+-----
Dodging        | 1 2 |  2.1
Fighting       | 4 |  4.4
Armour         | 4 |  4.5
Shields        | 4 |  4.5
Axes           | 3 |  3.5

Action                   |  1- 3 |  4- 6 || total
-------------------------+-------+-------++-------
Melee: War axe           |     6 |       ||     6
       Hand axe          |    61 |    35 ||    96
       Headbutt          |     9 |     4 ||    13
Armor: Scale mail        |    24 |    24 ||    48
Dodge: Dodged            |    32 |    28 ||    60
Block: Buckler           |    17 |    13 ||    30
